 Dungeon Crawl Stone Soup version 0.28.0-43-g3370ac3207 (webtiles) character file.

Game seed: 12109367316607473688

28 Romesagentofchaos the Sneak (level 3, 0/24 HPs)
             Began as an Octopode Brigand on Mar 24, 2022.
             Succumbed to a kobold's poison
             ... on level 2 of the Dungeon.
             The game lasted 00:04:20 (1022 turns).

Romesagentofchaos the Sneak (Octopode Brigand)      Turns: 1022, Time: 00:04:21

Health: 0/24       AC:  1    Str: 16      XL:     3   Next: 14%
Magic:  3/3        EV: 12    Int: 12 (13) God:
Gold:   50         SH:  0    Dex: 15      Spells: 2/2 levels left

rFire   + + .      SeeInvis .   a - +2 dagger
rCold   x . .      Faith    .   (no shield)
rNeg    . . .      Spirit   .   (helmet restricted)
rPois   .          Reflect  .   (no amulet)
rElec   +          Harm     .   d - ring "Noad Zaz" {rElec rF++ rC- Str+6 Slay+3}
rCorr   .          Rampage  .   (no ring)
Will    .....                   (no ring)
Stlth   ++++......              (no ring)
HPRegen 0.08/turn               (no ring)
MPRegen 0.08/turn               (no ring)
                                (no ring)
                                (no ring)

@: lethally poisoned (0 -> -2)
A: almost no armour, amphibious, 8 rings, camouflage 1, gelatinous body 1,
(nimble swimmer 1), tentacles, deterioration 1, mutation resistance 1
a: no special abilities


You were on level 2 of the Dungeon.
You visited 1 branch of the dungeon, and saw 2 of its levels.

You collected 50 gold pieces.

Inventory:

Hand Weapons
 a - a +2 dagger (weapon)
Missiles
 b - 3 poisoned darts (quivered)
 c - 2 curare-tipped darts
Jewellery
 d - the ring "Noad Zaz" (left tentacle) {rElec rF++ rC- Str+6 Slay+3}
   (You acquired it on level 1 of the Dungeon)

   [ring of strength]

   Str:       It affects your strength (+6).
   Slay:      It affects your accuracy & damage with ranged weapons and melee
   (+3).
   rF:        It greatly protects you from fire.
   rC:        It makes you vulnerable to cold.
   rElec:     It insulates you from electricity.
Scrolls
 e - 2 scrolls of teleportation
Potions
 f - a potion of flight


   Skills:
 + Level 2.0 Fighting
 + Level 2.3 Short Blades
 + Level 2.1 Throwing
 + Level 1.0 Dodging
 + Level 6.3 Stealth


You had 2 spell levels left.
You didn't know any spells.
Your spell library contained the following spells:

 Spells                   Type           Power      Damage    Failure   Level
 Beastly Appendage        Tmut           0%         N/A       32%         1
 Foxfire                  Conj/Fire      0%         2x1d4     32%         1
 Pain                     Necr           0%         1d4       32%         1


Dungeon Overview and Level Annotations

Branches:
Dungeon (2/15)

Altars:


Innate Abilities, Weirdness & Mutations

You cannot wear most types of armour.
You are amphibious.
You can wear up to eight rings at the same time.
Your skin changes colour to match your surroundings (Stealth+).
Your rubbery body absorbs attacks. (AC +1, EV +1)
((You are camouflaged when in or above water. (Stealth+)))
You have tentacles for arms and can constrict up to eight enemies at once.
Your body sometimes deteriorates upon taking damage.
You are somewhat resistant to further mutation.


Message History

You throw a poisoned dart. The poisoned dart hits the kobold.
The kobold is poisoned.
The kobold hits you with a +0 short sword of venom.
The kobold closely misses you.
The kobold hits you with a +0 short sword of venom.
You are poisoned.
You see here a +0 whip.
You miss the kobold. You grab the kobold. You squeeze the kobold.
The kobold is moderately wounded.
You constrict the kobold, but do no damage.
You feel very sick.
The kobold hits you with a +0 short sword.
The kobold closely misses you.
You hit the kobold.
You kill the kobold!
You feel sick.
The kobold hits you with a +0 short sword.
You feel sick.
The kobold hits you with a +0 short sword.
Things that are here:
a +0 short sword of venom; a poisoned dart; a kobold corpse You feel sick.
The kobold hits you with a +0 short sword.
* * * LOW HITPOINT WARNING * * *
You see here a +0 whip.
You hit the kobold. Your grab misses the kobold.
The kobold is severely wounded.
* * * LOW HITPOINT WARNING * * *
You feel sick.
The kobold hits you with a +0 short sword.
* * * LOW HITPOINT WARNING * * *
You hit the kobold.
You kill the kobold!
* * * LOW HITPOINT WARNING * * *
You feel sick.
* * * LOW HITPOINT WARNING * * *
You feel sick.
Things that are here:
a +0 short sword; a kobold corpse You die...

#.# # #.# .# # #.# #.
##. #.# . #
...###########.#.# #.#
............##.#.#...#
...............(......
#............#)@#(#
#.#####..†...#))..#
.#.#...##.#.#.#.#.#....#
.........#.#.#.#.#.#....
.#.#<#.##.#.#.#.#.#....#
# ###.#.#.#.#.#.#.#####
..##.#.#.#.#.#..
####.#.#.#.#.#.### ..#.#
#.#.#.#.#


There were no monsters in sight!

Vanquished Creatures
  A gnoll (D:1)
  5 endoplasms
  A giant cockroach (D:2)
  2 goblins (D:1)
  A quokka (D:2)
  A frilled lizard (D:1)
  4 kobolds
15 creatures vanquished.

Notes
Turn   | Place    | Note
-------+----------+-------------------------------------------
     0 | D:1      | Romesagentofchaos the Octopode Brigand began the quest for
                  | the Orb.
     0 | D:1      | Reached XP level 1. HP: 14/14 MP: 1/1
     3 | D:1      | Identified a scroll of acquirement
     3 | D:1      | Acquired the ring "Noad Zaz" {rElec rF++ rC- Str+6 Slay+3}
   262 | D:1      | Reached skill level 6 in Stealth
   262 | D:1      | Reached XP level 2. HP: 12/19 MP: 2/2
   479 | D:1      | Gained mutation: Your body sometimes deteriorates upon
                  | taking damage. [potion of mutation]
   479 | D:1      | Gained mutation: You are somewhat resistant to further
                  | mutation. [potion of mutation]
   879 | D:1      | Got Secret Knowledge for Beginners
  1008 | D:2      | Reached XP level 3. HP: 24/24 MP: 3/3
  1021 | D:2      | HP: 1/24 [poisoned by a kobold]
  1022 | D:2      | Succumbed to a kobold's poison

Illustrated notes

Levels and vault maps discovered:
D:1:      moated_graveyard_arrival, layout_basic, minmay_pentomino_v2
D:2:      layout_basic, minivault_23, uniq_jessica, uniq_sigmund

Skill      XL: |  1 |
---------------+----+-----
Stealth        | 6 |  6.3
Fighting       | |  2.0
Short Blades   | |  2.3
Throwing       | |  2.1
Dodging        | |  1.0

Action                   || total
-------------------------++-------
Melee: Dagger            ||    21
       Tentacles         ||     3
       Constrict         ||     1
Throw: Dart              ||    11
  Use: Scroll            ||     6
       Potion            ||     2
 Stab: Sleeping          ||     3
Dodge: Dodged            ||     5
